 Dungeon Crawl Stone Soup version 0.30-a0-626-gd6a5dd7a1f (webtiles) character file.

Game seed: 8259814392272874659

46370 Vylera the Thaumaturge (level 14, -8/108 HPs)
             Began as a Djinni Fire Elementalist on Jan 11, 2023.
             Was a High Priest of Ashenzari.
             Mangled by a large abomination (34 damage)
             ... on level 5 of the Lair of Beasts on Jan 12, 2023.
             The game lasted 01:16:05 (15511 turns).

Vylera the Thaumaturge (Djinni Fire Elementalist)  Turns: 15511, Time: 01:16:06

Health: -8/108     AC: 12    Str:  7    XL:     14   Next: 76%
Gold:   2044       EV: 15    Int: 26    God:    Ashenzari [*****.] SH:  0 Dex: 16

rFire   + + .      SeeInvis +    i - +3 eveningstar (flame)
rCold   x . .      Faith    .    (no shield)
rNeg    . . .      Spirit   .    h - +0 ring mail "Oracular Prison" {Slay+6 SInv, Melee, Range} (curse)
rPois   ∞          Reflect  .    z - +2 hat "Thunder Perfect Mind" {Evo, Range} (curse)
rElec   .          Harm     .    X - +0 cloak "Omniscient Asceticism" {Fort, Range} (curse)
rCorr   .          Rampage  .    e - +0 pair of gloves "Share My Regret" {Range, Evo} (curse)
Will    +....      Clarity  +    (boots unavailable)
Stlth   +++                      F - amulet of Supernal Understanding {Regen+, Self, Cun} (curse)
HPRegen 1.18/turn                j - ring of the Mantic Empyrean {Int+6, Evo, Self} (curse)
MPRegen 0.00/turn                p - ring "Gnostic Loss" {Wiz, Cun, Self} (curse)

@: flying
A: sickness immunity, fire resistance 2, cold vulnerability 1, float, innate
caster, HP casting, extra vitality 1
a: Renounce Religion, Curse Item, Shatter the Chains


You were on level 5 of the Lair of Beasts.
You worshipped Ashenzari.
Ashenzari was extremely pleased with you.
You visited 3 branches of the dungeon, and saw 17 of its levels.
You also visited: Bailey.

You collected 2044 gold pieces.

Inventory:

Hand Weapons
 i - a +3 eveningstar of flaming (weapon)
 n - the +7 shortbow of the Puffin {antimagic, rC+ rN+ Str-3}
   (You found it on level 4 of the Lair of Beasts)

   Str:       It affects your strength (-3).
   rC:        It protects you from cold.
   rN:        It protects you from negative energy.
Missiles
 E - 34 poisoned darts
 G - 4 curare-tipped darts
 N - 2 atropa-tipped darts
 V - 5 datura-tipped darts
Armour
 e - the cursed +0 pair of gloves "Share My Regret" (worn) {Range, Evo}
   (You found it on level 1 of the Dungeon)

   It has a curse which improves the following skills: Ranged Combat: Ranged
   Weapons and Throwing.
   Evocations: Evocations.
 h - the cursed +0 ring mail "Oracular Prison" (worn) {Slay+6 SInv, Melee, Range}
   (You found it on level 1 of the Dungeon)

   Slay:      It affects your accuracy & damage with ranged weapons and melee
   (+6).
   SInv:      It lets you see invisible.
   It has a curse which improves the following skills: Melee Combat: Short
   Blades, Long Blades, Axes, Maces & Flails, Polearms, Staves and Unarmed
   Combat.
   Ranged Combat: Ranged Weapons and Throwing.
 z - the cursed +2 hat "Thunder Perfect Mind" (worn) {Evo, Range}
   (You found it on level 5 of the Dungeon)

   It has a curse which improves the following skills: Evocations: Evocations.
   Ranged Combat: Ranged Weapons and Throwing.
 A - the +0 ring mail of Orthodoxy {rPois Will+++ Int-3 Stlth+}
   (You found it on level 5 of the Dungeon)

   Int:       It affects your intelligence (-3).
   rPois:     It protects you from poison.
   Will:      It greatly increases your willpower.
   Stlth:     It makes you more stealthy.
 C - the +4 robe of Folly {Brilliance Will-∞ Int+8}
   (You took it off an orc sorcerer in a bailey)

   It increases the power of your magical spells.
   It halves the magic cost of your spells (rounding up).
   It reduces your willpower to zero.
   Int:       It affects your intelligence (+8).
 X - the cursed +0 cloak "Omniscient Asceticism" (worn) {Fort, Range}
   (You found it on level 2 of the Lair of Beasts)

   It has a curse which improves the following skills: Fortitude: Armour and
   Shields.
   Ranged Combat: Ranged Weapons and Throwing.
Jewellery
 j - the cursed ring of the Mantic Empyrean (left hand) {Int+6, Evo, Self}
   (You found it on level 1 of the Dungeon)

   [ring of intelligence]

   Int:       It affects your intelligence (+6).
   It has a curse which improves the following skills: Evocations: Evocations.
   Introspection: Fighting and Spellcasting.
 p - the cursed ring "Gnostic Loss" (right hand) {Wiz, Cun, Self}
   (You found it on level 3 of the Dungeon)

   [ring of wizardry]

   It improves your spell success rate.
   It has a curse which improves the following skills: Cunning: Dodging and
   Stealth.
   Introspection: Fighting and Spellcasting.
 F - the cursed amulet of Supernal Understanding (around neck) {Regen+, Self, Cun}
   (You took it off a kobold brigand on level 7 of the Dungeon)

   [amulet of regeneration]

   Regen:     It increases your rate of health regeneration.
   It has a curse which improves the following skills: Introspection: Fighting
   and Spellcasting.
   Cunning:   Dodging and Stealth.
 H - a ring of positive energy
 M - a +6 ring of intelligence
 Q - a +4 ring of protection
 R - an amulet of the acrobat
 W - a ring of willpower
Wands
 l - a wand of digging (7)
 w - a wand of mindburst (22)
 x - a wand of roots (38)
 B - a wand of flame (43)
 S - a wand of acid (5)
 T - a wand of charming (7)
Scrolls
 f - 10 scrolls of teleportation
 k - 2 scrolls of silence
 q - 2 scrolls of fog
 r - 2 scrolls of poison
 v - a scroll of brand weapon
 y - 2 scrolls of vulnerability
 K - 2 scrolls of enchant armour
 L - 4 scrolls of immolation
 O - 2 scrolls of enchant weapon
 Y - a scroll of fear
Potions
 a - a potion of berserk rage
 c - 3 potions of brilliance
 d - 9 potions of curing
 g - 2 potions of heal wounds
 m - 2 potions of ambrosia
 o - 3 potions of mutation
 s - 2 potions of haste
 u - a potion of lignification
 D - 2 potions of invisibility
 I - a potion of might
 J - 2 potions of attraction
 U - a potion of resistance
Miscellaneous
 Z - a piece from Xom's chessboard (15/15)


   Skills:
 + Level 8.0(12.5) Fighting
 + Level 4.0(6.2) Maces & Flails
 - Level 2.5(6.6) Ranged Weapons
 + Level 7.2(9.6) Armour
 + Level 9.1(12.6) Dodging
 - Level 5.5(8.9) Stealth
 + Level 14.2(18.6) Spellcasting
 - Level 6.0(10.4) Evocations


You had 19 spell levels left.
You knew the following spells:

 Your Spells              Type           Power      Damage    Failure   Level
a - Foxfire               Conj/Fire      100%       2x1d9     0%          1
b - Scorch                Fire           100%       2d10      0%          2
c - Kindle Blastsparks    Fire/Tloc/Air  100%       2d18      0%          3
d - Inner Flame           Hex/Fire       88%        N/A       0%          3
e - Flame Wave            Conj/Fire      88%        2d19      0%          4
f - Summon Small Mammal   Summ           100%       N/A       0%          1
g - Searing Ray           Conj           100%       2d8       0%          2
h - Spider Form           Tmut/Pois      88%        N/A       0%          3
i - Mephitic Cloud        Conj/Pois/Air  88%        N/A       0%          3
j - Ice Form              Ice/Tmut       88%        N/A       0%          4
k - Lightning Bolt        Conj/Air       44%        1d63      1%          5
Your spell library was empty.

Dungeon Overview and Level Annotations

Branches:
Dungeon (11/15)            Temple (1/1) D:7            Lair (5/5) D:9
  Swamp (0/4) Lair:3        Snake (0/4) Lair:3        Slime (0/5) Lair:4
    Orc (0/2) D:9          Bailey (visited)

Altars:
Ashenzari
Cheibriados
Dithmenos
Elyvilon
Fedhas
Gozag
Hepliaklqana
Makhleb
Nemelex Xobeh
Okawaru
Qazlal
Ru
Trog
Uskayaw
Wu Jian
Xom
Yredelemnul
Zin
The Shining One
Jiyva

Shops:
D:10 !

Annotations:
Lair:4 1 runed translucent door


Innate Abilities, Weirdness & Mutations

You are immune to sickness and miasma.
You are immune to poison.
Your flesh is very heat resistant. (rF++)
You are vulnerable to cold. (rC-)
You float through the air rather than walking.
You learn spells naturally, not from books.
Your magical power is your life essence.
You have superior vitality. (+4 MHP)


Message History

A blink frog comes into view.
The small abomination misses you.
Casting: Lightning Bolt (safe; 1% risk of failure)
Confirm with . or Enter, or press ? or * to list all spells.
Aiming: Lightning Bolt (safe; 1% risk of failure)
Press: ? - help, Shift-Dir - straight line, f - blink frog
Aim: a blink frog (wandering, hasn't noticed you, 45% to hit)
The bolt of lightning hits the small abomination!!
The small abomination is almost destroyed.
The bolt of lightning misses the large abomination.
The bolt of lightning misses the blink frog.
The blink frog croaks.
A small abomination comes into view.
The small abomination hits you!
Casting: Lightning Bolt (safe; 1% risk of failure)
Confirm with . or Enter, or press ? or * to list all spells.
Aiming: Lightning Bolt (safe; 1% risk of failure)
Press: ? - help, Shift-Dir - straight line, f/p - blink frog
Aim: a blink frog (45% to hit)
The bolt of lightning hits the small abomination!!!
You destroy the small abomination!
The bolt of lightning hits the large abomination!
The large abomination is moderately damaged.
The bolt of lightning misses the blink frog.
The tree burns like a torch!
You hear an angry hiss.
You hear a roar!
A wyvern comes into view.
The forest fire spreads!
Things that are here:
a dream sheep corpse; a dream sheep corpse
Things that are here:
a +1 rapier of distortion; a spriggan corpse The blink frog blinks!
The large abomination misses you.
You hit the large abomination. You burn the large abomination.
The large abomination is heavily damaged.
The large abomination hits you!!
* * * LOW HITPOINT WARNING * * *
The large abomination hits you!!
You die...

##...#.#..# ##....##...
#.....#P... ##..P......
#.......... ##..P.....#
############# #..PP....#.
♣.#...##P##.####..P.##...#
♣♣....FxX@..#..P..........
♣...♣♣♣.##..............#.
♣...♣ ♣♣##♣P.P####.#...###
♣.{.♣ ##♣♣♣ ##.....##
♣..{.* #....... ♣....♣ ***
♣....... ♣♣...♣ ** ,*
#....... ♣♣l.♣ *,, , ,*
#......# ♣...*{, *,, , *
♣#......


You could see a large abomination, a blink frog and a small abomination.

Vanquished Creatures
  Josephine (D:10)
  2 hydras
  2 catoblepae
  2 boulder beetles
  Erica (D:10)
  A two-headed ogre (D:10)
  8 death yaks (Lair:5)
  A thrashing horror (Lair:5)
  Urug (Lair:3)
  A fire crab (Lair:3)
  An orc knight (Bailey)
  An orc sorcerer (Bailey)
  10 elephants
  3 black mambas
  2 smoke demons (Lair:5)
  7 cane toads
  A kobold demonologist (Bailey)
  5 rime drakes
  11 komodo dragons
  An ancient zyme (Lair:5)
  4 polar bears
  2 hornets
  29 blink frogs
  10 dream sheep
  A spriggan (Lair:5)
  A wyvern (Lair:3)
  A shadow (D:9)
  5 wraiths (D:10)
  Grum (D:9)
  19 yaks
  5 basilisks
  A steam dragon (D:8)
  4 nagas (Lair:3)
  Menkaure (D:5)
  2 swamp worms (Lair:3)
  10 water moccasins
  A sky beast (D:7)
  21 orc warriors
  2 black bears
  5 ice beasts (D:9)
  2 ogres
  4 centaurs (Lair:2)
  11 wolves
  3 kobold brigands
  7 bullfrogs
  A necrophage (D:5)
  3 small abominations (Lair:5)
  2 scorpions
  12 wights
  A killer bee (D:8)
  7 howler monkeys
  7 electric eels
  2 hounds
  3 jellies
  6 orc priests
  4 iguanas
  Ijyb (D:5)
  15 orc wizards
  Robin (D:2)
  4 adders
  8 gnolls
  A white imp (D:8)
  An ufetubus (D:6)
  2 worms
  4 dart slugs
  57 orcs
  5 endoplasms
  5 giant cockroaches
  26 goblins
  10 hobgoblins
  4 jackals (D:2)
  24 kobolds
  5 quokkas
  6 ball pythons
  7 bats
  3 frilled lizards
  8 rats
459 creatures vanquished.

Vanquished Creatures (others)
  A bush (Lair:4)
  582 foxfires
  24 fungi
  58 plants
665 creatures vanquished.

Grand Total: 1124 creatures vanquished

Notes
Turn   | Place    | Note
-------+----------+-------------------------------------------
     0 | D:1      | Vylera the Djinni Fire Elementalist began the quest for the
                  | Orb.
     0 | D:1      | Vylera set off with the following spells memorised:
                  | Foxfire, Scorch, Kindle Blastsparks, Inner Flame, Flame
                  | Wave.
     0 | D:1      | Reached XP level 1. HP: 15/15 MP: 0/0
   145 | D:1      | Reached XP level 2. HP: 12/21 MP: 0/0
   233 | D:1      | Reached skill level 3 in Spellcasting
   384 | D:1      | Reached XP level 3. HP: 19/25 MP: 0/0
   384 | D:1      | Learned a level 1 spell: Summon Small Mammal
   413 | D:1      | Found a faded altar of an unknown god.
   499 | D:1      | Identified the +0 ring mail "Ogimyd Xuca" {Slay+6 SInv}
  1403 | D:2      | Reached XP level 4. HP: 31/31 MP: 0/0
  1463 | D:2      | Reached skill level 1 in Armour
  1476 | D:2      | Noticed Robin
  1495 | D:2      | Killed Robin
  1860 | D:3      | Reached XP level 5. HP: 35/35 MP: 0/0
  1860 | D:3      | Learned a level 2 spell: Searing Ray
  1906 | D:3      | Reached skill level 4 in Spellcasting
  2229 | D:3      | Reached XP level 6. HP: 11/40 MP: 0/0
  3103 | D:4      | You are sucked into a shaft and drop 2 floors!
  3208 | D:6      | Reached skill level 5 in Spellcasting
  3208 | D:6      | Reached XP level 7. HP: 44/45 MP: 0/0
  3208 | D:6      | Learned a level 3 spell: Spider Form
  3386 | D:6      | Found a basalt altar of Yredelemnul.
  3387 | D:6      | Found an iron altar of Okawaru.
  3473 | D:5      | Entered Level 5 of the Dungeon
  4429 | D:5      | Noticed Menkaure
  4433 | D:5      | Killed Menkaure
  4434 | D:5      | Reached skill level 6 in Spellcasting
  4434 | D:5      | Reached XP level 8. HP: 18/50 MP: 0/0
  4590 | D:5      | Noticed Ijyb
  4598 | D:5      | Killed Ijyb
  4748 | D:5      | Identified the +0 ring mail of Orthodoxy {rPois Will+++
                  | Int-3 Stlth+}
  5074 | D:6      | Reached skill level 5 in Armour
  5324 | D:6      | Reached skill level 7 in Spellcasting
  5697 | D:6      | Reached XP level 9. HP: 42/55 MP: 0/0
  5697 | D:6      | Learned a level 3 spell: Mephitic Cloud
  6380 | D:7      | Found a staircase to the Ecumenical Temple.
  6389 | Temple   | Entered the Ecumenical Temple
  6411 | Temple   | Became a worshipper of Ashenzari the Shackled
  6586 | D:7      | Found a shimmering altar of Xom.
  6587 | D:7      | Found a hazy altar of Hepliaklqana.
  6587 | D:7      | Found a glowing golden altar of the Shining One.
  6648 | D:7      | Reached skill level 1 in Fighting
  6982 | D:7      | Reached skill level 8 in Spellcasting
  7534 | D:8      | Reached XP level 10. HP: 65/67 MP: 0/0
  7736 | D:8      | Reached skill level 9 in Spellcasting
  8180 | D:9      | Reached skill level 5 in Fighting
  8182 | D:9      | Noticed a rime drake
  8189 | D:9      | Killed a rime drake
  8261 | D:9      | Noticed Grum
  8293 | D:9      | Reached skill level 10 in Spellcasting
  8306 | D:9      | Reached * piety under Ashenzari
  8417 | D:9      | Killed Grum
  8451 | D:9      | Reached XP level 11. HP: 70/76 MP: 0/0
  8451 | D:9      | Learned a level 4 spell: Ice Form
  8455 | D:9      | Found a staircase to the Orcish Mines.
  8620 | D:9      | Found a staircase to the Lair.
  8908 | D:10     | Entered Level 10 of the Dungeon
  8918 | D:10     | Noticed Erica
  8920 | D:10     | Reached skill level 11 in Spellcasting
  8927 | D:10     | Killed Erica
  8962 | D:10     | Found Bomuaqir's Distillery.
  9010 | D:10     | Found a flagged portal.
  9026 | Bailey   | Entered a bailey
  9096 | Bailey   | Noticed an orc knight
  9106 | Bailey   | Killed an orc knight
  9107 | Bailey   | Reached skill level 12 in Spellcasting
  9457 | Bailey   | Identified a scroll of acquirement
  9473 | Bailey   | Found an iron altar of Okawaru.
  9476 | Bailey   | Noticed an orc sorcerer
  9483 | Bailey   | Paralysed by an orc sorcerer for 3 turns
  9486 | Bailey   | Noticed a sixfirhy
  9487 | Bailey   | Killed an orc sorcerer
  9488 | Bailey   | Reached XP level 12. HP: 74/83 MP: 0/0
  9586 | Bailey   | Upgraded the game from 0.30-a0-622-gddc90eaa04 to
                  | 0.30-a0-626-gd6a5dd7a1f
  9741 | D:10     | Noticed Josephine
  9793 | D:9      | Identified the cursed +2 hat "Thunder Perfect Mind" {Evo,
                  | Range} (You found it on level 5 of the Dungeon)
  9823 | D:9      | Acquired 940 gold pieces
  9896 | D:10     | Killed Josephine
  9959 | D:10     | Reached skill level 13 in Spellcasting
 10609 | D:10     | Noticed a two-headed ogre
 10612 | D:10     | Killed a two-headed ogre
 10658 | D:11     | Noticed a boulder beetle
 10767 | Lair:1   | Entered Level 1 of the Lair of Beasts
 10791 | Lair:1   | Noticed a catoblepas
 10886 | Lair:1   | Killed a catoblepas
 11109 | Lair:1   | Reached ** piety under Ashenzari
 11178 | Lair:1   | Identified the +1 robe of a wizard's laboratory {Str+2}
 11376 | Lair:1   | Reached skill level 1 in Evocations
 11466 | Lair:1   | Reached *** piety under Ashenzari
 11698 | Lair:2   | Noticed a catoblepas
 11715 | Lair:2   | Killed a catoblepas
 11981 | Lair:2   | Reached XP level 13. HP: 52/93 MP: 0/0
 11981 | Lair:2   | Learned a level 5 spell: Lightning Bolt
 12210 | Lair:2   | Noticed an eight-headed hydra
 12223 | Lair:2   | Killed an eight-headed hydra
 12754 | Lair:2   | Found a stormy altar of Qazlal.
 12907 | Lair:3   | Reached skill level 5 in Dodging
 13016 | Lair:3   | Reached skill level 5 in Evocations
 13026 | Lair:3   | Reached skill level 5 in Stealth
 13041 | Lair:3   | Noticed Urug
 13106 | Lair:3   | Killed Urug
 13175 | Lair:3   | Reached **** piety under Ashenzari
 13251 | Lair:3   | Found a staircase to the Snake Pit.
 13325 | Lair:3   | Reached skill level 1 in Maces & Flails
 13325 | Lair:3   | Reached skill level 1 in Ranged Weapons
 13649 | Lair:3   | Found a staircase to the Swamp.
 13730 | Lair:4   | Noticed a four-headed hydra
 13853 | Lair:4   | Killed a four-headed hydra
 13917 | Lair:4   | Found a runed translucent door.
 13917 | Lair:4   | Found a viscous altar of Jiyva.
 13917 | Lair:4   | Found a staircase to the Slime Pits.
 14062 | Lair:4   | Reached XP level 14. HP: 75/103 MP: 0/0
 14298 | Lair:4   | Reached ***** piety under Ashenzari
 14409 | Lair:4   | Identified the +7 shortbow of the Puffin {antimagic, rC+
                  | rN+ Str-3}
 14625 | Lair:5   | Entered Level 5 of the Lair of Beasts
 14689 | Lair:5   | Reached skill level 14 in Spellcasting
 14933 | Lair:5   | Found a burning altar of Makhleb.
 15511 | Lair:5   | Mangled by a large abomination

Illustrated notes

Levels and vault maps discovered:
D:1:      dpeg_arrival_water_temple_mockup, layout_basic,
          shapermc_ecumenical_altar_mp_urbaneastern, chequers_hall_statues_y,
          moated_statue, columned_hall_lemuel, dk_noncrumbling_3,
          minmay_liquid_box, minmay_misc_feat_five
D:2:      layout_basic, uniq_robin
D:3:      layout_basic, chequers_serial_rivers_small_b
D:4:      layout_loops_ring
D:5:      layout_basic, uniq_menkaure, uniq_ijyb
D:6:      layout_loops_ring, nicolae_overflow_squiral
D:7:      layout_layer_cave, nicolae_overflow_hidden_temple,
          gammafunk_temple_overflow_claw, minmay_temple_entry_nine_rooms,
          nrook_pool_corridor
D:8:      layout_basic, minmay_circle_x
D:9:      layout_small_grid, hellmonk_lair_entry_icy, david_orc_2, uniq_grum
D:10:     layout_roguey, lightli_bailey_entry_fortress, serial_shops,
          nicolae_shop_window_shopping, uniq_erica, uniq_josephine
D:11:     layout_basic
Temple:   minmay_temple_bridge_d
Lair:1:   layout_gridlike, infiniplex_staircase_pool_2
Lair:2:   layout_cave_pods, lemuel_centaur_altar, serial_bayou_shore_a,
          wad_woods_river_01
Lair:3:   layout_concentric_octagons, minmay_swamp_entry_worms,
          guppyfry_snake_entry_island, uniq_urug
Lair:4:   layout_roguey, slime_entry_2
Lair:5:   hellmonk_lair_end_abyssal_woods, layout_loops_ring, basic_altar

Skill      XL: |  1  2  3  4  5  6  7  8  9 10 11 12 13 14 |
---------------+-------------------------------------------+-----
Spellcasting   | 3 4 5 6 7 8 10 12 13 14 | 14.2
Armour         | 1 2 3 4 5 6 7 |  7.2
Fighting       | 3 6 8 |  8.0
Evocations     | 3 6 |  6.0
Dodging        | 4 7 9 |  9.1
Stealth        | 3 5 |  5.5
Maces & Flails | 2 4 |  4.0
Ranged Weapons | 2 |  2.5

Action                   |  1- 3 |  4- 6 |  7- 9 | 10-12 | 13-15 || total
-------------------------+-------+-------+-------+-------+-------++-------
Melee: Hand axe          |    17 |    12 |       |       |       ||    29
       Unarmed           |     1 |       |     8 |    17 |     5 ||    31
       Dagger            |       |    58 |     9 |     1 |       ||    68
       Punch             |       |     1 |     1 |     1 |       ||     3
       Falchion          |       |       |       |    69 |    13 ||    82
       Eveningstar       |       |       |       |       |    22 ||    22
 Cast: Foxfire           |    54 |    71 |   143 |   113 |       ||   381
       Scorch            |       |    10 |    57 |   121 |       ||   188
       Searing Ray       |       |       |     3 |     8 |       ||    11
       Spider Form       |       |       |     2 |       |       ||     2
       Inner Flame       |       |       |     1 |    13 |     8 ||    22
       Kindle Blastspark |       |       |       |    24 |       ||    24
       Flame Wave        |       |       |       |    29 |    13 ||    42
       Mephitic Cloud    |       |       |       |     3 |       ||     3
       Ice Form          |       |       |       |     3 |     1 ||     4
       Summon Small Mamm |       |       |       |     1 |       ||     1
       Lightning Bolt    |       |       |       |       |   172 ||   172
Invok: Curse Item        |       |       |       |     4 |     3 ||     7
  Use: Scroll            |       |       |       |     4 |     2 ||     6
       Potion            |       |       |       |       |     1 ||     1
 Stab: Distracted        |       |       |       |     1 |       ||     1
Armor: Robe              |     6 |       |       |       |       ||     6
       Ring mail         |     4 |    35 |    16 |    48 |    39 ||   142
       Skin              |       |       |       |    23 |     1 ||    24
Dodge: Dodged            |    12 |    39 |    43 |   101 |    56 ||   251

Table legend: (Time is in decaauts)
 A = Elapsed time spent in this place.
 B = Non-inter-level travel time spent in this place.
 C = Inter-level travel time spent in this place.
 D = Time resting spent in this place.
 E = Time spent auto-exploring this place.
 F = Levels seen in this place.
 G = Mean time per level.
                   A        B        C        D        E       F      G
               +--------+--------+--------+--------+--------+-----+--------+
         Total |  15600 |  14684 |    916 |   1683 |   9862 |  18 |  866.7 |
       Dungeon |  10150 |   9398 |    752 |   1083 |   6353 |  11 |  922.7 |
        Temple |    153 |    137 |     16 |      0 |    124 |   1 |  153.0 |
          Lair |   4699 |   4552 |    147 |    593 |   3095 |   5 |  939.8 |
        Bailey |    597 |    597 |      0 |      7 |    290 |   1 |  597.0 |
               +--------+--------+--------+--------+--------+-----+--------+

Top non-repeatable levels by time:
     D:7: 1434 daAuts
  Lair:2: 1322 daAuts
     D:5: 1270 daAuts
     D:9: 1167 daAuts
     D:6: 1115 daAuts
     D:1: 1104 daAuts
     D:2: 907 daAuts
  Lair:4: 904 daAuts
  Lair:3: 836 daAuts
     D:4: 830 daAuts
  Lair:1: 830 daAuts
  Lair:5: 805 daAuts
    D:10: 790 daAuts
     D:8: 773 daAuts
     D:3: 739 daAuts
